 Dungeon Crawl Stone Soup version 0.19.4-8-ga85b6b9 (webtiles) character file.

134 empire the Cutter (level 4, -3/38 HPs)
             Began as a Draconian Monk on Feb 13, 2017.
             Was a Believer of Dithmenos.
             Slain by an ogre
             ... wielding a +0 giant club
              (28 damage)
             ... on level 4 of the Dungeon.
             The game lasted 00:04:29 (2641 turns).

empire the Cutter (Draconian Monk)                  Turns: 2641, Time: 00:04:30

Health: -3/38      AC:  5    Str: 14    XL:     4   Next: 95%
Magic:  4/4        EV: 13    Int: 10    God:    Dithmenos [**....]
Gold:   232        SH:  0    Dex: 14    Spells: 0 memorised, 3 levels left

rFire  . . .     SeeInvis +     a - +0 short sword
rCold  . . .     Gourm    .     (armour unavailable)
rNeg   + . .     Faith    .     (no shield)
rPois  .         Spirit   .     (helmet restricted)
rElec  .         Reflect  .     (no cloak)
rCorr  .         Harm     .     (no gloves)
MR     .....                    (no boots)
Stlth  +++.......               (no amulet)
                                v - ring of see invisible
                                p - ring of positive energy

@: wreathed by umbra
A: unfitting armour, cold-blooded, AC +5
a: Shadow Step, Renounce Religion


You were on level 4 of the Dungeon.
You worshipped Dithmenos.
Dithmenos was pleased with you.
You were hungry.

You visited 1 branch of the dungeon, and saw 4 of its levels.

You collected 232 gold pieces.

Inventory:

Hand Weapons
 a - a +0 short sword (weapon)
Jewellery
 p - a ring of positive energy (left hand)
 v - a ring of see invisible (right hand)
Scrolls
 c - a scroll of magic mapping {unknown}
 f - a scroll of fog {unknown}
 k - 3 scrolls of identify {unknown}
 l - a scroll of immolation {unknown}
 n - a scroll of enchant weapon {unknown}
 o - a scroll of blinking {unknown}
 q - 2 scrolls of recharging {unknown}
 r - 2 scrolls of teleportation {unknown}
 s - 3 scrolls of enchant armour {unknown}
 u - a scroll of remove curse {unknown}
 w - a scroll of noise {unknown}
Potions
 d - a potion of cancellation {unknown}
 e - a potion of mutation {unknown}
 g - a potion of berserk rage {unknown}
 h - a potion of curing {unknown}
 i - 2 potions of degeneration {unknown}
 j - a potion of lignification {unknown}
 m - a potion of resistance {unknown}
 t - a potion of haste {unknown}
Comestibles
 b - 3 bread rations
 x - a meat ration
 z - a chunk of flesh


   Skills:
 - Level 3.2 Fighting
 + Level 4.3 Short Blades
 - Level 2.6 Dodging
 + Level 3.9 Stealth


You had 3 spell levels left.
You didn't know any spells.

Dungeon Overview and Level Annotations

Branches:
Dungeon (4/15)             Temple (0/1) D:4

Altars:
Dithmenos

Annotations:
D:4 Dowan, Duvessa


Innate Abilities, Weirdness & Mutations

Your plain brown scales are hard. (AC +5)
You cannot fit into any form of body armour.
You are cold-blooded and may be slowed by cold attacks.


Message History

The hound skeleton is severely damaged.
The hound skeleton bites you but does no damage.
The worm barely misses you.
You hit the worm.
The worm is almost dead.
The hound skeleton bites you but does no damage.
The ogre completely misses you.
You hit the worm.
You kill the worm!
Dithmenos accepts your kill.
The hound skeleton bites you but does no damage.
The ogre misses you. The hound skeleton barely misses you.
You hit the ogre.
The ogre is lightly wounded.
The hound skeleton closely misses you.
You hit the ogre.
The ogre is lightly wounded.
The ogre hits you with a giant club!!
Ouch! That really hurt!
You die...

...........#.#.
#...........#.>.
..........#.#.#
#.........#.#.#.
###..........#.#..
...................
#.......O....#.#..#
#....@...#........
#.....Z...........
#.................
#..>...........?..
######............
#............
#............
#<...........
#....รท.......


You could see an ogre and a hound skeleton.

Vanquished Creatures
  Terence (D:3)
  3 adders
  2 oozes
  2 worms
  2 dart slugs
  A leopard gecko (D:4)
  2 orcs (D:3)
  A ball python (D:3)
  2 giant cockroaches
  7 goblins
  7 hobgoblins
  4 jackals (D:2)
  9 bats
  3 frilled lizards
  7 kobolds
  9 rats
62 creatures vanquished.

Notes
Turn   | Place    | Note
-------+----------+-------------------------------------------
     0 | D:1      | empire the Draconian Monk began the quest for the Orb.
     0 | D:1      | Reached XP level 1. HP: 19/19 MP: 1/1
   211 | D:1      | Reached XP level 2. HP: 21/26 MP: 2/2
   707 | D:2      | Reached XP level 3. HP: 31/31 MP: 3/3
  1362 | D:3      | Found a shadowy altar of Dithmenos.
  1367 | D:3      | Became a worshipper of Dithmenos the Shadowed
  1367 | D:3      | Reached * piety under Dithmenos
  1367 | D:3      | Reached ** piety under Dithmenos
  1685 | D:3      | Reached XP level 4. HP: 38/38 MP: 4/4
  1705 | D:3      | Reached skill level 4 in Short Blades
  1971 | D:3      | Noticed Terence
  1993 | D:3      | Killed Terence
  2559 | D:4      | Noticed Dowan
  2559 | D:4      | Noticed an ogre
  2560 | D:4      | Noticed Duvessa
  2626 | D:4      | Found a staircase to the Ecumenical Temple.
  2626 | D:4      | Noticed an ogre
  2641 | D:4      | Slain by an ogre

Skill      XL: |  1  2  3  4 |
---------------+-------------+-----
Stealth        | 2 3 |  3.9
Short Blades   | 4 |  4.3
Fighting       | |  3.2
Dodging        | |  2.6

Action                   |  1- 3 |  4- 6 || total
-------------------------+-------+-------++-------
Melee: Short sword       |   120 |    86 ||   206
       Tailslap          |    15 |    10 ||    25
 Stab: Sleeping          |     9 |     1 ||    10
       Distracted        |     1 |       ||     1
  Eat: Chunk             |     2 |     3 ||     5
Armor: Skin              |    39 |    16 ||    55
Dodge: Dodged            |    73 |    60 ||   133
